 Dungeon Crawl Stone Soup version 0.28.0 (webtiles) character file.

Game seed: 11478706354252878547

67371 Dani the Brawler (level 15, -7/134 HPs)
             Began as a Ghoul Delver on Feb 6, 2022.
             Was a Priest of Jiyva.
             Mangled by a two-headed ogre (10 damage)
             ... while paralysed by an orc sorcerer
             ... on level 2 of the Orcish Mines.
             The game lasted 01:06:44 (21543 turns).

Dani the Brawler (Ghoul Delver)                    Turns: 21543, Time: 01:06:45

Health: -7/134     AC: 20    Str: 26    XL:     15   Next: 22%
Magic:  14/14      EV:  2    Int: 10    God:    Jiyva [***...]
Gold:   1173       SH:  0    Dex: 10    Spells: 14/14 levels left

rFire   + + .      SeeInvis +     - Unarmed
rCold   + . .      Faith    .   G - +2 kite shield
rNeg    + + +      Spirit   .   e - +3 chain mail "Qoude" {rElec Str+2 Int+3}
rPois   ∞          Reflect  .   r - +2 hat
rElec   +          Harm     .   j - +2 cloak of Untold Secrets {Rampage rF+ Int+2}
rCorr   +          Rampage  +   (no gloves)
Will    +....                   (no boots)
Stlth   ..........              z - amulet of the acrobat
HPRegen 1.12/turn               s - ring of see invisible
MPRegen 0.49/turn               f - ring of protection from fire

@: paralysed, inhibited regen, studying Spellcasting
A: claws 1, cold resistance 1, negative energy resistance 3, inhibited
regeneration, torment resistance 2
a: Renounce Religion, Oozemancy


You were on level 2 of the Orcish Mines.
You worshipped Jiyva.
Jiyva was most pleased with you.
You visited 4 branches of the dungeon, and saw 23 of its levels.

You collected 1173 gold pieces.

Inventory:

Hand Weapons
 b - a +2 scimitar of flaming
   (You took it off Erica on level 8 of the Dungeon)
 k - a +2 broad axe of freezing
   (You found it on level 4 of the Dungeon)
 m - a +2 dagger of venom
   (You took it off an orc wizard on level 4 of the Dungeon)
 K - a +0 eveningstar of draining
   (You found it on level 14 of the Dungeon)
Missiles
 u - a curare-tipped dart (quivered)
 Z - a throwing net
Armour
 a - a +0 leather armour
 e - the +3 chain mail "Qoude" (worn) {rElec Str+2 Int+3}
   (You found it on level 5 of the Dungeon)

   Str:       It affects your strength (+2).
   Int:       It affects your intelligence (+3).
   rElec:     It insulates you from electricity.
 j - the +2 cloak of Untold Secrets (worn) {Rampage rF+ Int+2}
   (You found it on level 4 of the Dungeon)

   Int:       It affects your intelligence (+2).
   rF:        It protects you from fire.
   Rampage:   It bestows one free step when moving towards enemies.
 r - a +2 hat (worn)
   (You took it off Gastronok on level 8 of the Dungeon)
 v - a scarf of repulsion
   (You found it on level 9 of the Dungeon)
 G - a +2 kite shield (worn)
   (You took it off a vault guard on level 12 of the Dungeon)
 L - a +1 tower shield
   (You found it on level 14 of the Dungeon)
Jewellery
 f - a ring of protection from fire (right claw)
   (You found it on level 1 of the Lair of Beasts)
 s - a ring of see invisible (left claw)
   (You found it on level 5 of the Dungeon)
 w - a ring of fire
   (You took it off an orc wizard on level 9 of the Dungeon)
 z - an amulet of the acrobat (around neck)
   (You found it on level 4 of the Lair of Beasts)
Wands
 l - a wand of mindburst (12)
   (You found it on level 4 of the Dungeon)
 A - a wand of acid (7)
   (You took it off Maurice on level 8 of the Dungeon)
 D - a wand of digging (6)
 F - a wand of polymorph (4)
   (You found it on level 10 of the Dungeon)
 I - a wand of iceblast (11)
   (You took it off an orc on level 4 of the Dungeon)
 P - a wand of paralysis (1)
   (You found it on level 6 of the Dungeon)
 V - a wand of flame (4)
   (You found it on level 2 of the Lair of Beasts)
Scrolls
 d - 3 scrolls of fear
 q - 4 scrolls of fog
 B - 3 scrolls of blinking
 R - 4 scrolls of identify {@r1}
 T - 9 scrolls of teleportation
Potions
 c - 2 potions of attraction
 h - a potion of lignification
 i - a potion of magic
 n - 4 potions of heal wounds
 o - a potion of cancellation {unknown}
 p - 3 potions of mutation {!q}
 t - a potion of ambrosia {unknown}
 x - 2 potions of brilliance
 y - a potion of degeneration
 C - a potion of invisibility {unknown}
 E - 2 potions of resistance {unknown}
 H - a potion of haste
 J - a potion of might {unknown}
 Q - 3 potions of curing {@q1}


   Skills:
 + Level 12.9 Fighting
 + Level 7.6 Axes
 + Level 10.5 Armour
 + Level 10.8 Dodging
 - Level 5.4 Stealth
 + Level 2.9 Shields
 + Level 15.6 Unarmed Combat
 + Level 6.3 Evocations


You had 14 spell levels left.
You didn't know any spells.
Your spell library contained the following spells:

 Spells                   Type           Power      Damage    Failure   Level
 Magic Dart               Conj           0%         1d3       99%         1
 Slow                     Hex            0%         N/A       99%         1
 Call Imp                 Summ           0%         N/A       100%        2
 Confusing Touch          Hex            0%         N/A       100%        3
 Mephitic Cloud           Conj/Pois/Air  0%         N/A       100%        3
 Vampiric Draining        Necr           0%         2d6       100%        3
 Passage of Golubria      Tloc           0%         N/A       100%        4
 Silence                  Hex/Air        0%         N/A       100%        5
 Lehudib's Crystal Spear  Conj/Erth      0%         10d2      100%        8
 Chain Lightning          Conj/Air       0%         N/A       100%        9
 Fire Storm               Conj/Fire      0%         5d1       100%        9
 Shatter                  Erth           0%         3d5*      100%        9


Dungeon Overview and Level Annotations

Branches:
Dungeon (14/15)            Temple (1/1) D:6            Lair (6/6) D:10
  Swamp (0/4) Lair:4        Slime (0/5) Lair:6          Orc (2/2) D:9
 Vaults (0/5) D:13
  Snake: Lair:2-4    Spider: Lair:2-4       Elf: Orc:2

Altars:
Ashenzari
Cheibriados
Dithmenos
Elyvilon
Fedhas
Gozag
Hepliaklqana
Kikubaaqudgha
Makhleb
Nemelex Xobeh
Okawaru
Qazlal
Ru
Sif Muna
Trog
Uskayaw
Vehumet
Wu Jian
Xom
Yredelemnul
Zin
The Shining One
Ignis
Jiyva

Portals:
Trove: D:12 (show abyssal rune of Zot)

Annotations:
D:9 1 runed translucent door, xingtheking's ghost, journeyman DjFE
Lair:2 3 runed translucent doors, 2 exclusions, Buxparty's ghost, journeyman GrFi


Innate Abilities, Weirdness & Mutations

You thrive by killing the living.
You are immune to poison.
You have sharp fingernails.
Your flesh is cold resistant. (rC+)
You are immune to negative energy. (rN+++)
You do not regenerate when monsters are visible.
You are immune to unholy pain and torment.


Message History

An orc sorcerer comes into view.
It is wielding a +0 dagger and wearing a +2 robe of positive energy.
The orc sorcerer shouts!
The orc misses you.
The orc sorcerer howls an incantation.
You feel troubled. You block the orc wizard's attack.
You scratch the orc wizard.
The orc wizard is lightly wounded.
An ogre comes into view. It is wielding a +0 giant club.
The orc wizard hits you but does no damage.
You block the orc's attack.
The ogre shouts!
You eviscerate the orc wizard!!!
You kill the orc wizard!
You hear two shouts!
The orc wizard closely misses you. You block the orc's attack.
A two-headed ogre comes into view. It is wielding two +0 giant clubs.
You scratch the orc wizard.
The orc wizard is moderately wounded.
The orc sorcerer mumbles some strange words.
A two-headed ogre comes into view.
It is wielding a +0 giant spiked club and a +0 dire flail.
You block the orc wizard's attack. You block the orc's attack.
You completely miss the orc wizard.
The orc wizard is moderately wounded.
The two-headed ogre shouts in stereo!
The orc wizard hits you with a +0 dagger.
You block the orc's attack.
You claw the orc wizard!
The orc wizard is almost dead.
The orc wizard mumbles some strange words.
The orc wizard flickers and vanishes for a moment.
You closely miss the orc wizard.
The orc wizard is almost dead.
The orc closely misses you. The ogre hits you but does no damage.
You block the orc wizard's attack.
You mangle the orc sorcerer!!
The orc sorcerer is severely wounded.
The orc misses you. You block the chaos spawn's attack.
The orc sorcerer gestures at you while chanting.
You suddenly lose the ability to move!
The orc wizard hits you but does no damage.
The ogre hits you with a +0 giant club! The orc hits you with a +0 mace.
The chaos spawn gores you but does no damage.
The orc sorcerer hits you but does no damage.
The orc wizard hits you with a +0 dagger.
The orc hits you but does no damage.
The chaos spawn gores you but does no damage.
The orc sorcerer hits you with a +0 dagger.
The orc wizard hits you with a +0 dagger.
The orc hits you but does no damage.
A two-headed ogre comes into view.
It is wielding a +0 giant spiked club and a +0 giant club.
The chaos spawn hits you but does no damage.
The orc sorcerer hits you but does no damage.
The two-headed ogre hits you with a +0 giant spiked club.
The two-headed ogre hits you with a +0 dire flail!
The two-headed ogre shouts in stereo!
The two-headed ogre hits you with a +0 giant club!!
* * * LOW HITPOINT WARNING * * *
The two-headed ogre hits you but does no damage.
The orc wizard hits you but does no damage.
The orc hits you but does no damage.
The chaos spawn hits you but does no damage.
The orc sorcerer hits you but does no damage.
The orc wizard casts a spell at you.
The magic dart hits you but does no damage.
The orc hits you but does no damage.
The two-headed ogre hits you with a +0 giant club.
* * * LOW HITPOINT WARNING * * *
The two-headed ogre hits you with a +0 giant club.
* * * LOW HITPOINT WARNING * * *
The chaos spawn hits you but does no damage.
The orc sorcerer casts a spell.
The orc wizard hits you but does no damage.
The two-headed ogre hits you with a +0 giant spiked club.
* * * LOW HITPOINT WARNING * * *
The two-headed ogre hits you but does no damage.
The orc hits you but does no damage. The ogre barely misses you.
The chaos spawn gores you.
* * * LOW HITPOINT WARNING * * *
The chaos spawn sears you!
* * * LOW HITPOINT WARNING * * *
The two-headed ogre completely misses you.
The two-headed ogre hits you with a +0 giant club!!
* * * LOW HITPOINT WARNING * * *
The orc sorcerer hits you with a +0 dagger.
* * * LOW HITPOINT WARNING * * *
The orc wizard hits you but does no damage.
The orc hits you but does no damage.
An ogre mage comes into view. It is wielding a +0 halberd.
The two-headed ogre barely misses you.
The two-headed ogre hits you with a +0 dire flail.
* * * LOW HITPOINT WARNING * * *
The ogre hits you with a +0 giant club.
* * * LOW HITPOINT WARNING * * *
The chaos spawn gores you but does no damage.
The orc sorcerer mumbles some strange words.
The two-headed ogre hits you with a +0 giant club!
* * * LOW HITPOINT WARNING * * *
The two-headed ogre hits you with a +0 giant club!
You die...

.O..).....)......##
....#.....).).....#
.........O))......#
.........)........##
..........).)......##
.............O......##
...............).....###
#..............OOo.....#
.#......#)(.4@...#..
##.........Ooo4#....
#......##...4.......
##.##............... ##
##.##.........#. .
.........#.. ##<........
. .........#.


You could see 3 two-headed ogres, an ogre mage (wandering), a hellwing
(summoned), 2 chaos spawn, an orc sorcerer, an ogre, an orc wizard (invisible)
and an orc.

Vanquished Creatures
  Gastronok (D:8)
  An orc warlord (Orc:2)
  Snorg (Lair:3)
  Josephine (D:14)
  Harold (D:8)
  13 hydras
  8 vault guards
  4 boulder beetles
  Erica (D:8)
  A centaur warrior (D:12)
  Erolcha (D:9)
  5 two-headed ogres
  A tengu warrior (D:14)
  Urug (D:13)
  3 skeletal warriors (D:13)
  A lindwurm (Lair:4)
  A deep elf pyromancer (D:12)
  2 orc sorcerers (Orc:2)
  4 cyclopes
  3 manticores
  Maurice (D:8)
  3 black mambas
  A gargoyle (D:8)
  14 cane toads
  9 komodo dragons
  Psyche (D:8)
  An efreet (D:13)
  A kobold demonologist (D:13)
  3 rime drakes
  A tengu conjurer (D:14)
  7 trolls
  2 polar bears
  5 dream sheep (Lair:4)
  Grinder (D:6)
  A hornet (D:8)
  11 blink frogs
  A meliai zombie (D:11)
  2 shadows
  6 wraiths
  A water elemental (D:14)
  41 yaks
  4 wyverns
  Grum (D:9)
  4 basilisks
  14 fire elementals
  3 steam dragons
  12 vampire mosquitoes
  2 wargs (Orc:2)
  An acid dragon (D:9)
  15 water moccasins
  12 orc warriors
  A sky beast (D:6)
  2 necrophages
  36 wolves
  15 ogres
  4 centaurs
  A phantom (D:9)
  3 kobold brigands
  13 bullfrogs
  A scorpion (D:10)
  A water moccasin zombie (D:6)
  A troll zombie (D:9)
  6 killer bees (D:9)
  A water moccasin skeleton (D:5)
  9 wights
  A howler monkey (D:11)
  A bullfrog zombie (D:5)
  A jelly (D:6)
  6 centaur zombies
  A hound (D:6)
  A bullfrog skeleton (D:6)
  9 orc priests
  A centaur skeleton (D:6)
  6 hell rats
  3 iguanas
  A scorpion zombie (D:5)
  18 orc wizards
  A killer bee zombie (D:7)
  7 ogre zombies (D:9)
  A hound zombie (D:5)
  A hound skeleton (D:2)
  A howler monkey zombie (D:6)
  10 adders
  A white imp (D:8)
  An ufetubus (D:6)
  2 worms (D:3)
  A dart slug (D:1)
  53 orcs
  6 endoplasms
  2 giant cockroaches
  9 goblins
  7 hobgoblins
  7 jackals
  3 quokkas
  4 ball pythons
  A bat (D:2)
  2 frilled lizards (D:2)
  2 goblin skeletons (D:9)
  4 goblin zombies (D:9)
  A hobgoblin skeleton (D:9)
  2 hobgoblin zombies (D:9)
  12 kobolds
  2 orc skeletons (D:9)
  14 orc zombies (D:9)
  5 rats
540 creatures vanquished.

Vanquished Creatures (others)
  A spriggan (shapeshifter) (D:13)
  A yak (Lair:1)
  A basilisk (Lair:1)
  A warg (Orc:2)
  2 water moccasins
  2 orc warriors (Orc:2)
  2 wolves
  An ogre (Orc:2)
  38 jellies
  2 orc wizards (Orc:2)
  2 orcs (Orc:2)
  26 foxfires
  75 fungi
  134 plants
288 creatures vanquished.

Grand Total: 828 creatures vanquished

Notes
Turn   | Place    | Note
-------+----------+-------------------------------------------
     0 | D:5      | Dani the Ghoul Delver began the quest for the Orb.
     0 | D:5      | Reached XP level 1. HP: 19/19 MP: 0/0
    14 | D:5      | Identified the +3 chain mail "Qoude" {rElec Str+2 Int+3}
    52 | D:5      | Noticed an ogre
   664 | D:6      | Noticed a jelly
   723 | D:4      | Noticed an orc wizard
   726 | D:4      | Killed an orc wizard
   727 | D:4      | Reached skill level 3 in Unarmed Combat
   727 | D:4      | Reached XP level 2. HP: 22/26 MP: 1/1
   727 | D:4      | Reached XP level 3. HP: 26/31 MP: 2/2
   735 | D:4      | Reached skill level 4 in Unarmed Combat
  1200 | D:3      | Reached XP level 4. HP: 34/38 MP: 3/3
  1263 | D:3      | Found a sparkling altar of Nemelex Xobeh.
  1366 | D:3      | Reached skill level 5 in Unarmed Combat
  1968 | D:2      | Reached XP level 5. HP: 45/45 MP: 4/4
  2745 | D:1      | Found a faded altar of an unknown god.
  2775 | D:1      | Reached skill level 6 in Unarmed Combat
  2837 | D:1      | Prayed at the altar of an unknown god.
  2837 | D:1      | Became a worshipper of Ignis, the Dying Flame
  2994 | D:1      | You fall into a shaft and drop 1 floor!
  3670 | D:4      | Noticed a necrophage
  3684 | D:3      | Killed a necrophage
  3685 | D:3      | Reached XP level 6. HP: 24/51 MP: 5/5
  3688 | D:3      | Reached skill level 7 in Unarmed Combat
  4100 | D:4      | Identified the +2 cloak of Untold Secrets {Rampage rF+
                  | Int+2}
  4770 | D:5      | Reached skill level 8 in Unarmed Combat
  4770 | D:5      | Reached XP level 7. HP: 52/57 MP: 6/6
  4914 | D:5      | Found a bloodstained altar of Trog.
  5195 | D:5      | Reached skill level 9 in Unarmed Combat
  5456 | D:6      | Noticed Grinder
  5456 | D:6      | Found a staircase to the Ecumenical Temple.
  5464 | D:6      | Killed Grinder
  5465 | D:6      | Reached skill level 10 in Unarmed Combat
  5465 | D:6      | Reached skill level 2 in Dodging
  5465 | D:6      | Reached XP level 8. HP: 58/64 MP: 7/7
  5470 | D:6      | Reached skill level 1 in Armour
  5478 | Temple   | Entered the Ecumenical Temple
  5736 | D:6      | Reached skill level 4 in Fighting
  5894 | D:6      | Reached skill level 2 in Armour
  5991 | D:6      | Reached skill level 3 in Dodging
  6225 | D:7      | Found a sacrificial altar of Ru.
  6261 | D:7      | Reached XP level 9. HP: 70/73 MP: 8/8
  6286 | D:7      | Noticed a manticore
  6300 | D:6      | HP: 17/73 [orc warrior (3)]
  6305 | D:6      | Reached skill level 5 in Fighting
  6305 | D:6      | Reached skill level 3 in Armour
  6625 | D:7      | Found a basalt altar of Yredelemnul.
  6723 | D:7      | Found a burning altar of Makhleb.
  6825 | D:7      | Reached skill level 4 in Dodging
  6841 | D:7      | Killed a manticore
  6842 | D:7      | Reached skill level 11 in Unarmed Combat
  6953 | D:7      | Reached skill level 6 in Fighting
  7014 | D:7      | Reached skill level 4 in Armour
  7393 | D:8      | Noticed Erica
  7397 | D:8      | Noticed a gargoyle
  7404 | D:8      | Killed Erica
  7405 | D:8      | Reached skill level 5 in Dodging
  7405 | D:8      | Reached XP level 10. HP: 50/84 MP: 9/9
  7406 | D:8      | HP: 18/84 [gargoyle (16)]
  7410 | D:8      | Killed a gargoyle
  7411 | D:8      | Reached skill level 7 in Fighting
  7411 | D:8      | Reached skill level 5 in Armour
  7721 | D:8      | Noticed Harold
  7740 | D:8      | Killed Harold
  8134 | D:8      | Noticed Gastronok
  8236 | D:8      | Killed Gastronok
  8237 | D:8      | Reached skill level 8 in Fighting
  8237 | D:8      | Reached skill level 6 in Dodging
  8237 | D:8      | Reached skill level 12 in Unarmed Combat
  8491 | D:8      | Noticed Maurice
  8504 | D:8      | Killed Maurice
  8505 | D:8      | Reached skill level 6 in Armour
  8703 | D:8      | Reached XP level 11. HP: 94/94 MP: 10/10
  8809 | D:8      | Noticed Psyche
  8812 | D:8      | Killed Psyche
  8839 | D:8      | Found an iron altar of Okawaru.
  8843 | D:8      | Found an ancient bone altar of Kikubaaqudgha.
  8846 | D:8      | Found a snail-covered altar of Cheibriados.
  9166 | D:9      | Found a runed translucent door.
  9263 | D:9      | Reached skill level 7 in Dodging
  9323 | D:9      | Noticed Erolcha
  9333 | D:9      | HP: 11/95 [Erolcha (31)]
  9335 | D:9      | Killed Erolcha
  9336 | D:9      | Reached skill level 9 in Fighting
  9750 | D:9      | Found a staircase to the Orcish Mines.
  9835 | D:9      | Noticed Grum
  9859 | D:9      | Reached skill level 7 in Armour
  9865 | D:9      | Killed Grum
 10242 | D:9      | Reached skill level 13 in Unarmed Combat
 10280 | D:9      | Noticed xingtheking's ghost (journeyman DjFE)
 10280 | D:9      | Noticed a manticore
 10610 | D:10     | Entered Level 10 of the Dungeon
 10612 | D:10     | Found a shimmering altar of Xom.
 10766 | D:10     | Reached skill level 1 in Axes
 11304 | D:10     | Reached skill level 2 in Axes
 11406 | D:10     | Found a staircase to the Lair.
 11754 | Lair:1   | Entered Level 1 of the Lair of Beasts
 11770 | Lair:1   | Reached XP level 12. HP: 93/106 MP: 11/11
 11902 | Lair:2   | Reached skill level 8 in Dodging
 12396 | Lair:4   | Reached skill level 10 in Fighting
 12460 | Lair:4   | Reached skill level 3 in Axes
 12507 | Lair:4   | Noticed a seven-headed hydra
 12520 | Lair:4   | Killed a seven-headed hydra
 13016 | Lair:4   | Found a staircase to the Swamp.
 13053 | Lair:4   | Reached skill level 8 in Armour
 13302 | Lair:4   | Noticed a seven-headed hydra
 13305 | Lair:4   | HP: 17/106 [seven-headed hydra (11)]
 13308 | Lair:4   | Killed a seven-headed hydra
 13619 | Lair:4   | Reached skill level 4 in Axes
 13956 | Lair:5   | Noticed a boulder beetle
 13968 | Lair:5   | Noticed a four-headed hydra
 14047 | Lair:6   | Entered Level 6 of the Lair of Beasts
 14047 | Lair:6   | Noticed a five-headed hydra
 14056 | Lair:5   | Reached skill level 14 in Unarmed Combat
 14095 | Lair:5   | Reached skill level 1 in Evocations
 14108 | Lair:6   | Killed a five-headed hydra
 14130 | Lair:6   | Noticed an eight-headed hydra
 14135 | Lair:6   | Reached skill level 9 in Dodging
 14135 | Lair:6   | Reached XP level 13. HP: 105/115 MP: 12/12
 14159 | Lair:6   | Reached skill level 2 in Evocations
 14165 | Lair:6   | Reached skill level 11 in Fighting
 14201 | Lair:6   | Reached skill level 5 in Axes
 14451 | Lair:6   | Reached skill level 9 in Armour
 14550 | Lair:6   | Found a viscous altar of Jiyva.
 14550 | Lair:6   | Found a staircase to the Slime Pits.
 14554 | Lair:6   | Fell from the grace of Ignis
 14554 | Lair:6   | Became a worshipper of Jiyva Juweoz the Shapeless
 14579 | Lair:6   | Reached skill level 3 in Evocations
 14768 | Lair:3   | You fall into a shaft and drop 2 floors!
 14954 | Lair:2   | Noticed Buxparty's ghost (journeyman GrFi)
 14955 | Lair:2   | Reached * piety under Jiyva
 15132 | Lair:2   | Found a runed translucent gate.
 15133 | Lair:2   | Found a runed translucent gate.
 15175 | Lair:2   | Found a runed translucent gate.
 15840 | Lair:1   | Reached ** piety under Jiyva
 15882 | Lair:1   | HP: 25/116 [fire elemental[the fiery vengeance of Ignis]
                  | (6)]
 16104 | Lair:1   | HP: 23/117 [seven-headed hydra (12)]
 16104 | Lair:1   | HP: 5/117 [seven-headed hydra (12)]
 16108 | Lair:1   | Reached skill level 6 in Axes
 16108 | Lair:1   | Reached skill level 4 in Evocations
 16583 | Lair:3   | Noticed Snorg
 16593 | Lair:3   | Killed Snorg
 16674 | Lair:3   | Reached *** piety under Jiyva
 16722 | Lair:3   | Reached XP level 14. HP: 125/125 MP: 13/13
 17020 | Lair:3   | Reached **** piety under Jiyva
 17523 | Lair:4   | HP: 28/125 [seven-headed hydra (8)]
 17734 | D:10     | Reached skill level 10 in Dodging
 17926 | D:11     | Reached skill level 12 in Fighting
 17986 | D:11     | Reached skill level 15 in Unarmed Combat
 18674 | D:12     | Was forgiven by Ignis
 18937 | D:12     | Found a portal to a secret trove of treasure.
 19209 | D:12     | Reached ***** piety under Jiyva
 19245 | D:13     | Found a gate to the Vaults.
 19255 | D:13     | Reached skill level 5 in Evocations
 19367 | D:12     | Reached skill level 10 in Armour
 19466 | D:13     | Noticed Urug
 19493 | D:13     | Reached skill level 7 in Axes
 19498 | D:13     | Killed Urug
 19538 | D:13     | Reached skill level 1 in Shields
 20246 | D:14     | Reached skill level 2 in Shields
 20264 | D:14     | Noticed Jorgrun
 20268 | D:14     | Slimified Jorgrun
 20268 | D:14     | Noticed Jorgrun
 20268 | D:14     | Jorgrun changed into Jorgrun the azure jelly
 20523 | D:14     | Noticed Josephine
 20533 | D:14     | Killed Josephine
 20574 | D:14     | Noticed Louise
 20579 | D:14     | Slimified Louise
 20579 | D:14     | Noticed Louise
 20579 | D:14     | Louise changed into Louise the azure jelly
 20629 | D:14     | Reached XP level 15. HP: 132/134 MP: 14/14
 20963 | Orc:1    | Entered Level 1 of the Orcish Mines
 21066 | Orc:2    | Entered Level 2 of the Orcish Mines
 21066 | Orc:2    | Noticed an orc warlord
 21082 | Orc:2    | Noticed Saint Roka
 21085 | Orc:2    | Paralysed by an orc sorcerer for 2 turns
 21091 | Orc:2    | Reached skill level 6 in Evocations
 21234 | Orc:2    | Killed an orc warlord
 21284 | Orc:2    | Slimified Saint Roka
 21284 | Orc:2    | Noticed Saint Roka
 21284 | Orc:2    | Saint Roka changed into Saint Roka the acid blob
 21536 | Orc:2    | Paralysed by an orc sorcerer for 7 turns
 21542 | Orc:2    | HP: 23/134 [two-headed ogre (19)]
 21543 | Orc:2    | HP: 3/134 [two-headed ogre (10)]
 21543 | Orc:2    | Mangled by a two-headed ogre

Illustrated notes

Levels and vault maps discovered:
D:1:      dpeg_arrival_solitude, layout_basic,
          shapermc_ecumenical_altar_rom_forum
D:2:      layout_loops_corners
D:3:      layout_loops_ring, nemelex_spade_bored_becter, lemuel_tele_altar
D:4:      layout_basic
D:5:      layout_basic, lemuel_doored_altar
D:6:      layout_cave_pools, temple_statues, minmay_puff, uniq_grinder
D:7:      layout_gridville, general_overflow_altar,
          nicolae_ru_sacrificial_ziggurat, kennysheep_mini_moat,
          amcnicky_mini_rare_corridor_liquid
D:8:      layout_loops_cross, grunt_temple_overflow_diamond, uniq_erica,
          uniq_harold, uniq_gastronok, uniq_psyche, uniq_maurice
D:9:      layout_loops_ring, zombieorc2_lemuel, ebering_ghost_inner_flame,
          roderic_roman_lattice, uniq_erolcha, uniq_grum
D:10:     layout_loops_corners, mainiacjoe_overflow_chevrons,
          grunt_lair_entry_orc_guard_hut
D:11:     layout_loops_ring
D:12:     layout_long_grid, nicolae_trove_entry_crystal
D:13:     layout_rooms, erik_vaults_2, minmay_between, uniq_urug
D:14:     layout_loops_ring, nrook_pool_corridor, lemuel_nasty_fountain,
          uniq_jorgrun, uniq_louise, uniq_josephine
Temple:   nicolae_temple_x_marks_the_god
Lair:1:   layout_regular_city
Lair:2:   layout_regular_city, spider_nest_entry_funnel_web,
          gammafunk_ghost_split, infiniplex_staircase_pool_2
Lair:3:   layout_chaotic_city, grunt_megastairs_4, serial_bayou_shore_b,
          uniq_snorg
Lair:4:   nzn_winding_woodlands_stair_trap [nzn_winding_woodlands_5x15_crooked,
          nzn_winding_woodlands_5x15_pockets, nzn_winding_woodlands_5x15_eye,
          nzn_winding_woodlands_15x15_killbox,
          nzn_winding_woodlands_5x15_parted,
          nzn_winding_woodlands_5x15_pathside_ponds,
          nzn_winding_woodlands_5x15_lazy_stream], layout_regular_city,
          minmay_swamp_entry_swarm, serial_bayou_shore_a
Lair:5:   layout_misc_corridors, portal_ice_cave_rime, st_stairs_9,
          grunt_forest_large_clearings
Lair:6:   minmay_lair_end_frog_pond, layout_hall_layers,
          dpeg_slime_entry_enclosed_altar
Orc:1:    layout_caves
Orc:2:    st_orc_ogre_mass, layout_caves, nicolae_orc_pool_cavern,
          guppyfry_library_mini, uniq_saint_roka

Skill      XL: |  1  2  3  4  5  6  7  8  9 10 11 12 13 14 15 |
---------------+----------------------------------------------+-----
Unarmed Combat | 3 4 5 6 8 10 11 12 13 14 15 | 15.6
Dodging        | 2 3 5 6 7 9 10 | 10.8
Armour         | 2 4 6 7 8 9 10 | 10.5
Fighting       | 4 6 8 9 10 11 12 | 12.9
Axes           | 2 4 6 7 |  7.6
Evocations     | 1 4 5 6 |  6.3
Shields        | 2 |  2.9
Stealth        | |  5.4

Action                   |  1- 3 |  4- 6 |  7- 9 | 10-12 | 13-15 || total
-------------------------+-------+-------+-------+-------+-------++-------
Melee: Unarmed           |    39 |   233 |   202 |   623 |   974 ||  2071
       Punch             |     3 |     8 |    11 |    62 |    73 ||   157
       Scimitar          |       |       |       |       |    25 ||    25
Throw: Throwing net      |       |       |       |     1 |       ||     1
Invok: Fiery Armour      |       |       |     2 |     6 |       ||     8
       Foxfire Swarm     |       |       |       |     2 |       ||     2
       Slimify           |       |       |       |       |     3 ||     3
       Oozemancy         |       |       |       |       |     3 ||     3
Evoke: Wand              |       |       |       |     8 |    15 ||    23
  Use: Scroll            |     4 |     4 |     2 |    12 |     6 ||    28
       Potion            |       |       |     1 |     1 |     2 ||     4
 Stab: Held in net/web   |       |       |       |     2 |       ||     2
       Paralysed         |       |       |       |       |    23 ||    23
       Confused          |       |       |       |       |     1 ||     1
Armor: Chain mail        |    12 |   155 |   104 |   315 |   551 ||  1137
Dodge: Dodged            |     7 |    69 |    78 |   301 |   513 ||   968
Block: Kite shield       |       |       |       |       |   194 ||   194

Table legend: (Time is in decaauts)
 A = Elapsed time spent in this place.
 B = Non-inter-level travel time spent in this place.
 C = Inter-level travel time spent in this place.
 D = Time resting spent in this place.
 E = Time spent auto-exploring this place.
 F = Levels seen in this place.
 G = Mean time per level.
                   A        B        C        D        E       F      G
               +--------+--------+--------+--------+--------+-----+--------+
         Total |  21200 |  19952 |   1248 |   2396 |  12118 |  23 |  921.7 |
       Dungeon |  14802 |  13838 |    964 |   1092 |   9750 |  14 | 1057.3 |
        Temple |     73 |     66 |      7 |      0 |     61 |   1 |   73.0 |
          Lair |   5761 |   5493 |    268 |   1253 |   2181 |   6 |  960.2 |
  Orcish Mines |    563 |    555 |      8 |     50 |    125 |   2 |  281.5 |
               +--------+--------+--------+--------+--------+-----+--------+

Top non-repeatable levels by time:
  Lair:4: 2117 daAuts
     D:9: 1594 daAuts
     D:8: 1480 daAuts
    D:10: 1225 daAuts
     D:5: 1221 daAuts
     D:4: 1169 daAuts
  Lair:2: 1111 daAuts
     D:7: 1096 daAuts
     D:6: 1090 daAuts
     D:3: 1023 daAuts
  Lair:3: 1004 daAuts
  Lair:1: 970 daAuts
     D:1: 939 daAuts
    D:12: 899 daAuts
     D:2: 880 daAuts

Table legend:
 A = Kills in this place as a percentage of kills in entire the game.
 B = Kills by you in this place as a percentage of kills by you in the entire game.
 C = Kills by friends in this place as a percentage of kills by friends in the entire game.
 D = Other kills in this place as a percentage of other kills in the entire game.
 E = Experience gained in this place as a percentage of experience gained in the entire game.
 F = Experience gained in this place divided by the number of levels of this place that you have seen.
                   A       B       C       D       E      F
               +-------+-------+-------+-------+-------+----------------------
         Total | 100.0 | 100.0 |   N/A |   N/A | 100.0 | 4184.6
       Dungeon |  60.5 |  60.5 |   N/A |   N/A |  50.1 | 3444.8
          Lair |  27.9 |  27.9 |   N/A |   N/A |  39.9 | 6401.8
  Orcish Mines |  11.6 |  11.6 |   N/A |   N/A |  10.0 | 4803.5
               +-------+-------+-------+-------+-------+----------------------
